 Dungeon Crawl Stone Soup version 0.28.0-53-g5a82cb258f (webtiles) character file.

Game seed: 13745443366972379538

57 issech the Chopper (level 3, 0/33 HPs)
             Began as a Minotaur Monk on June 10, 2022.
             Slain by a sky beast (6 damage)
             ... on level 3 of the Dungeon.
             The game lasted 00:04:54 (2026 turns).

issech the Chopper (Minotaur Monk)                  Turns: 2026, Time: 00:04:55

Health: 0/33       AC:  3    Str: 15    XL:     3   Next: 73%
Magic:  2/2        EV: 13    Int:  7    God:
Gold:   65         SH:  0    Dex: 14    Spells: 2/2 levels left

rFire   . . .      SeeInvis .   m - +0 long sword
rCold   . . .      Faith    .   (no shield)
rNeg    . . .      Spirit   .   r - +0 leather armour
rPois   .          Reflect  .   (helmet restricted)
rElec   .          Harm     .   (no cloak)
rCorr   .          Rampage  .   (no gloves)
Will    .....                   (no boots)
Stlth   ++........              (no amulet)
HPRegen 0.11/turn               (no ring)
MPRegen 0.08/turn               (no ring)

@: no status effects
A: horns 2, retaliatory headbutt
a: no special abilities


You were on level 3 of the Dungeon.
You visited 1 branch of the dungeon, and saw 3 of its levels.

You collected 93 gold pieces.
You spent 28 gold pieces at shops.

Inventory:

Hand Weapons
 a - a +0 hand axe
 g - a +0 hunting sling
 m - a +0 long sword (weapon)
Missiles
 d - 100 sling bullets
 f - 38 stones (quivered)
 k - 19 arrows
 p - 6 javelins
Armour
 b - a +0 robe
 r - a +0 leather armour (worn)
Jewellery
 q - a ring of flight
Scrolls
 c - a scroll of enchant weapon
 e - 2 scrolls of vulnerability
 h - a scroll of enchant armour {unknown}
 i - 2 scrolls of magic mapping {unknown}
 o - a scroll of fear {unknown}
 s - a scroll of teleportation {unknown}
Potions
 j - 2 potions of attraction {unknown}
 l - 2 potions of lignification {unknown}
 n - 2 potions of curing {unknown}
 t - a potion of heal wounds {unknown}


   Skills:
 + Level 4.2 Fighting
 + Level 0.1 Long Blades
 + Level 4.4 Axes
 + Level 4.0 Dodging
 + Level 1.9 Stealth


You had 2 spell levels left.
You didn't know any spells.
Your spell library was empty.

Dungeon Overview and Level Annotations

Branches:
Dungeon (3/15)

Altars:

Shops:
D:2 ?


Innate Abilities, Weirdness & Mutations

You have a pair of horns on your head.
You reflexively headbutt those who attack you in melee.


Message History

You finish taking off your +0 robe.
You start putting on your armour.
You continue putting on your +0 leather armour. x5
You finish putting on your +0 leather armour.
Found a stone staircase leading up.
Found a stone staircase leading down.
s - a scroll labelled SEULIA FEUMEASS
There is a stone staircase leading down here.
t - a red potion A goblin comes into view.
It is wielding a +0 dagger.
The goblin shouts!
You slash the goblin!
You kill the goblin!
You see here a +0 dagger.
Found a scroll labelled NUPIVY ORUST.
A sky beast comes into view.
You throw a stone.
The stone completely misses the sky beast.
You throw a stone. The stone misses the sky beast.
The sky beast barely misses you.
You hit the sky beast.
The sky beast is lightly wounded.
The sky beast barely misses you.
You completely miss the sky beast.
The sky beast is lightly wounded.
The sky beast barely misses you. You furiously retaliate!
You headbutt the sky beast, but do no damage.
You hit the sky beast. Your headbutt misses the sky beast.
The sky beast is lightly wounded.
The sky beast closely misses you.
The sky beast flickers out of sight!
Deactivating autopickup; reactivate with Ctrl-A.
Something hits you. Something shocks you.
You miss something. Your headbutt misses something.
Something hits you but does no damage.
You barely miss something. Your headbutt misses something. Something hits you.
Something shocks you. Something hits you. Something shocks you.
You miss something. Your headbutt misses something. Something hits you.
* * * LOW HITPOINT WARNING * * *
Something shocks you.
You die...

##.# #.# #.#
###########.#
#.....>.....#
#.########..#
######.# .....
#....).# ###..#
#@###### #..# #{#
#..# #.# ....
####.####.# ... #.##
#.........# #.# #.#
#.##...##.# #.# #.#
.. ....... #.# #.#
#. ..(...#.#
#.###.## #
.......#.####.......


There were no monsters in sight!

Vanquished Creatures
  2 adders (D:2)
  2 dart slugs
  2 ball pythons
  2 bats
  4 endoplasms
  A giant cockroach (D:1)
  4 goblins
  4 hobgoblins
  2 kobolds
  2 quokkas
  4 frilled lizards
  5 rats
34 creatures vanquished.

Notes
Turn   | Place    | Note
-------+----------+-------------------------------------------
     0 | D:1      | issech the Minotaur Monk began the quest for the Orb.
     0 | D:1      | Reached XP level 1. HP: 19/19 MP: 0/0
   378 | D:1      | Reached XP level 2. HP: 26/27 MP: 1/1
   412 | D:1      | Found a faded altar of an unknown god.
  1200 | D:2      | Reached XP level 3. HP: 24/33 MP: 2/2
  1356 | D:2      | Found Menweagh's Magic Scroll Boutique.
  1369 | D:2      | Bought a scroll of identify for 28 gold pieces
  2012 | D:3      | Noticed a sky beast
  2026 | D:3      | Slain by a sky beast

Illustrated notes

Levels and vault maps discovered:
D:1:      giann_wishing_wells, layout_basic, ebering_ecumenical_altar_petrified
D:2:      layout_basic, serial_shops, shop
D:3:      layout_loops_ring, lemuel_coloured_pillars_altar

Skill      XL: |  1  2  3 |
---------------+----------+-----
Axes           | 4 |  4.4
Fighting       | 4 |  4.2
Dodging        | 4 |  4.0
Long Blades    | |  0.1
Stealth        | |  1.9

Action                   || total
-------------------------++-------
Melee: Hand axe          ||    37
       Headbutt          ||    14
       Long sword        ||    42
       Punch             ||     1
Throw: Stone             ||     2
  Use: Scroll            ||     2
 Stab: Sleeping          ||     1
Armor: Robe              ||     9
       Leather armour    ||     1
Dodge: Dodged            ||    58
